 Dungeon Crawl Stone Soup version 0.28-a0-779-g3d1f99b579 (webtiles) character file.

Game seed: 15789870796807373654

4 iamoutofideas the Firebug (level 1, -1/10 HPs)
             Began as a Deep Elf Fire Elementalist on Nov 2, 2021.
             Slain by a kobold (3 damage)
             ... on level 1 of the Dungeon.
             The game lasted 00:00:12 (127 turns).

iamoutofideas the Firebug (DEFE)                     Turns: 127, Time: 00:00:13

Health: -1/10      AC:  2    Str:  5    XL:     1   Next: 58%
Magic:  1/6        EV: 13    Int: 19    God:
Gold:   0          SH:  0    Dex: 15    Spells: 5/6 levels left

rFire   . . .      SeeInvis .   (no weapon)
rCold   . . .      Faith    .   (no shield)
rNeg    . . .      Spirit   .   a - +0 robe
rPois   .          Reflect  .   (no helmet)
rElec   .          Harm     .   (no cloak)
rCorr   .          Rampage  .   (no gloves)
Will    .....                   (no boots)
Stlth   ++........              (no amulet)
HPRegen 0.03/turn               (no ring)
MPRegen 0.10/turn               (no ring)

@: very slightly contaminated
A: no striking features
a: no special abilities


You were on level 1 of the Dungeon.
You visited 1 branch of the dungeon, and saw 1 of its levels.

Inventory:

Armour
 a - a +0 robe (worn)


   Skills:
 + Level 2.8 Dodging
 + Level 2.4 Stealth
 + Level 3.0 Spellcasting
 + Level 1.1 Conjurations
 + Level 3.4 Fire Magic


You had 5 spell levels left.
You knew the following spells:

 Your Spells              Type           Power      Damage    Failure   Level
a - Foxfire               Conj/Fire      44%        2x1d6     6%          1

Your spell library contained the following spells:

 Spells                   Type           Power      Damage    Failure   Level
 Scorch                   Fire           30%        2d7       5%          2
 Conjure Flame            Conj/Fire      11%        6-21      19%         3
 Inner Flame              Hex/Fire       9%         N/A       22%         3
 Flame Wave               Conj/Fire      11%        3d4       52%         4


Dungeon Overview and Level Annotations

Branches:
Dungeon (1/15)

Altars:


Message History

Your magical contamination has completely faded away.
Sorry, you're not good enough to have a special ability.
The kobold hits you with a +0 dagger.
The kobold hits you with a +0 short sword.
Casting: Foxfire (safe; 6% risk of failure)
Confirm with . or Enter, or press ? or * to list all spells.
There is not enough space to conjure foxfire!
The kobold hits you with a +0 dagger.
* * * LOW HITPOINT WARNING * * *
The kobold closely misses you.
Your foxfire dissipates!
The foxfire hits the kobold.
You kill the kobold!
Your foxfire dissipates!
The kobold throws a stone.
The stone completely misses you.
Casting: Foxfire (safe; 6% risk of failure)
Confirm with . or Enter, or press ? or * to list all spells.
You conjure some foxfire!
The kobold throws a stone.
The stone misses you. The stone hits your foxfire.
Your foxfire dissipates!
The foxfire hits the kobold.
The kobold is moderately wounded.
There is an open door here.
The kobold throws a stone.
The stone misses you.
Casting: Foxfire (safe; 6% risk of failure)
Confirm with . or Enter, or press ? or * to list all spells.
You miscast Foxfire.
You are very lightly contaminated with residual magic.
Nothing appears to happen.
Casting: Foxfire (safe; 6% risk of failure)
Confirm with . or Enter, or press ? or * to list all spells.
You miscast Foxfire.
Nothing appears to happen.
The kobold barely misses you.
The kobold throws a stone.
The stone barely misses you.
Casting: Foxfire (safe; 6% risk of failure)
Confirm with . or Enter, or press ? or * to list all spells.
You conjure some foxfire!
The foxfire hits the kobold but does no damage. x2
The kobold hits you with a +0 dagger.
* * * LOW HITPOINT WARNING * * *
You barely miss the kobold. The kobold hits you with a +0 dagger.
You die...

#. #. #. #.########
#####........#
.............#
#.@.....# +.KK....#
#.......#
######^......#
......⌠._.⌠..######
#####.............#
#.⌠...⌠.......#
#.............# #.
#.#'####.†....#


You could see 2 kobolds.

Vanquished Creatures
  A goblin (D:1)
  A kobold (D:1)
  A bat (D:1)
  2 rats (D:1)
5 creatures vanquished.

Vanquished Creatures (others)
  13 foxfires (D:1)
13 creatures vanquished.

Grand Total: 18 creatures vanquished

Notes
Turn   | Place    | Note
-------+----------+-------------------------------------------
     0 | D:1      | iamoutofideas the Deep Elf Fire Elementalist began the
                  | quest for the Orb.
     0 | D:1      | Reached XP level 1. HP: 10/10 MP: 6/6
    52 | D:1      | Found a faded altar of an unknown god.
   127 | D:1      | Slain by a kobold

Illustrated notes

Levels and vault maps discovered:
D:1:      lemuel_arrival_muddy, layout_basic, hellmonk_ecumenical_altar_run_dry

Action                   || total
-------------------------++-------
Melee: Unarmed           ||     1
 Cast: Foxfire           ||     9
Armor: Robe              ||     2
Dodge: Dodged            ||     9

Table legend: (Time is in decaauts)
 A = Elapsed time spent in this place.
 B = Non-inter-level travel time spent in this place.
 C = Inter-level travel time spent in this place.
 D = Time resting spent in this place.
 E = Time spent auto-exploring this place.
 F = Levels seen in this place.
 G = Mean time per level.
                   A        B        C        D        E       F      G
               +--------+--------+--------+--------+--------+-----+--------+
         Total |    128 |    128 |      0 |      0 |     80 |   1 |  128.0 |
       Dungeon |    128 |    128 |      0 |      0 |     80 |   1 |  128.0 |
               +--------+--------+--------+--------+--------+-----+--------+

Top non-repeatable levels by time:
     D:1: 128 daAuts
